 Dungeon Crawl Stone Soup version 0.21.1-1-g345015f (webtiles) character file.

2156 Mesmaeker13 the Firebug (level 9, -11/51 HPs)
             Began as an Octopode Fire Elementalist on June 9, 2018.
             Shot with a sling bullet by Joseph (18 damage)
             ... on level 7 of the Dungeon.
             The game lasted 00:18:29 (8341 turns).

Mesmaeker13 the Firebug (OpFE)                      Turns: 8341, Time: 00:18:30

Health: -11/51     AC:  1    Str:  7    XL:     9   Next: 31%
Magic:  10/12      EV: 15    Int: 21    God:
Gold:   347        SH:  5    Dex: 12    Spells: 2/12 levels left

rFire    . . .     SeeInvis .   F - +0 short sword (venom)
rCold    + . .     Gourm    .   D - +0 buckler
rNeg     + . .     Faith    .   (helmet restricted)
rPois    .         Spirit   .   e - amulet of magic regeneration
rElec    .         Reflect  .   E - ring of stealth
rCorr    .         Harm     .   K - ring of positive energy
MR       .....                  M - ring of flight
Stlth    ++++......             P - ring of Cauptats {+Fly rC+}
HPRegen  0.17/turn              (no ring)
MPRegen  0.38/turn              (no ring)
                                (no ring)
                                (no ring)

@: no status effects
A: almost no armour, stealthy swim, amphibious, 8 rings, constrict 8, camouflage
1, gelatinous body 1
a: Evoke Flight


You were on level 7 of the Dungeon.
You were hungry.

You visited 1 branch of the dungeon, and saw 7 of its levels.
You also visited: Sewer.

You collected 347 gold pieces.

Inventory:

Hand Weapons
 v - a +2 short sword of holy wrath
 F - a +0 short sword of venom (weapon)
Missiles
 u - 3 javelins of penetration (quivered)
Armour
 B - a +0 shield
 D - a +0 buckler (worn)
Jewellery
 e - an amulet of magic regeneration (around mantle)
 p - an uncursed amulet of regeneration
 y - an uncursed ring of ice
 E - a ring of stealth (left tentacle)
 K - a ring of positive energy (right tentacle)
 M - a ring of flight (on tentacle)
 P - the ring of Cauptats (on tentacle) {+Fly rC+}
   (You found it on level 7 of the Dungeon)

   [ring of flight]

   It protects you from cold.
   It lets you fly.
Wands
 C - a wand of acid (3)
 N - a wand of iceblast (10)
Scrolls
 c - 6 scrolls of magic mapping
 g - 2 scrolls of fear
 i - a scroll of enchant weapon
 j - a scroll of immolation {unknown}
 k - 4 scrolls of remove curse
 n - 5 scrolls of amnesia
 q - a scroll of enchant armour {unknown}
 r - 3 scrolls of blinking
 t - 2 scrolls of teleportation {unknown}
 J - a scroll of fog {unknown}
 L - a scroll of brand weapon {unknown}
 Q - a scroll of random uselessness {unknown}
Potions
 d - 3 potions of cancellation {unknown}
 f - 5 potions of curing
 m - 3 potions of resistance {unknown}
 o - 7 potions of heal wounds
 s - a potion of ambrosia {unknown}
 w - 4 potions of might
 x - 2 potions of mutation {unknown}
 z - 2 potions of brilliance {unknown}
 A - 2 potions of lignification {unknown}
 G - 2 potions of agility {unknown}
 H - a potion of flight {unknown}
 I - a potion of haste {unknown}
 O - a potion of degeneration {unknown}
Books
 a - a book of Flames

   Spells                             Type                      Level
   a - Flame Tongue                   Conjuration/Fire             1
   b - Throw Flame                    Conjuration/Fire             2
   c - Conjure Flame                  Conjuration/Fire             3
   d - Inner Flame                    Hexes/Fire                   3
   e - Sticky Flame                   Conjuration/Fire             4
   f - Fireball                       Conjuration/Fire             5
 h - a book of Changes

   Spells                             Type                      Level
   a - Beastly Appendage              Transmutation                1
   b - Sticks to Snakes               Transmutation                2
   c - Spider Form                    Transmutation/Poison         3
   d - Ice Form                       Ice/Transmutation            4
   e - Blade Hands                    Transmutation                5
Comestibles
 b - 15 rations
 l - a chunk of flesh


   Skills:
 + Level 5.5 Dodging
 - Level 2.6 Stealth
 - Level 4.2 Shields
 - Level 2.0 Spellcasting
 + Level 7.0 Conjurations
 + Level 7.6 Fire Magic


You had 2 spell levels left.
You knew the following spells:

 Your Spells              Type           Power        Failure   Level  Hunger
a - Flame Tongue          Conj/Fire      ####.        1%          1    #......
b - Throw Flame           Conj/Fire      ####..       1%          2    ##.....
c - Conjure Flame         Conj/Fire      ####....     2%          3    ###....
d - Sticky Flame          Conj/Fire      ####....     7%          4    #####..


Dungeon Overview and Level Annotations

Branches:
Dungeon (7/15)
 Temple: D:4-7

Altars:
Dithmenos
Elyvilon
Gozag
Nemelex Xobeh
Qazlal
Ru
Trog
Xom

Shops:
D:5 *   D:7 :

Annotations:
D:7 Joseph; inc's ghost, novice GnWz


Innate Abilities, Weirdness & Mutations

You cannot wear most types of armour.
You are very stealthy in the water. (Stealth+)
You are amphibious.
You can wear up to eight rings at the same time.
You can use your tentacles to constrict eight enemies at once.
Your skin changes colour to match your surroundings (Stealth+).
Your rubbery body absorbs attacks. (AC +1, EV +1)


Message History

Aiming: Flame Tongue
Press: ? - help, Shift-Dir - straight line, f/p - inc's ghost
Aim: inc's ghost, wielding a weapon of venom (severely damaged)
The flame tongue hits inc's ghost.
Inc's ghost is severely damaged.
Inc's ghost casts a spell at you.
The ball explodes into a vile cloud!
The stinking cloud engulfs you!
The stinking cloud engulfs inc's ghost.
Inc's ghost appears unharmed.
Joseph shoots a sling bullet.
The sling bullet hits you!
Unknown command.
Inc's ghost gestures wildly while chanting.
Inc's ghost blinks!
Inc's ghost points at you and mumbles some strange words.
The magic dart hits you!
* * * LOW HITPOINT WARNING * * *
There is an abandoned shop here.
Unknown command.
Inc's ghost mumbles some strange words.
Inc's ghost blinks!
Joseph shoots a sling bullet.
The sling bullet hits you!!
You die...

..# #..#.##.#.# . #..#@#..#.#
...### #....#....#
..........# #.#.(..####
#.......#.###..§..##
......#....###∩.∩..# #
...................###
#..##...........∩.∩.§.[#
..###.......##..@#.....#
................<.....<#
.##.#.......###..............
............# ###.#####......
..#.#.......# #...# ......
#...........# #.#... ......
###.........# #. ##.# .....
#...##......# .). .....
..#..##..#.## #. ....


You could see Joseph.

Vanquished Creatures
  The ghost of Drak the Stinger, an amateur DsVM (D:5)
  Sigmund (D:4)
  Eustachio (D:4)
  2 orc warriors (D:6)
  2 ice beasts
  An ogre (D:6)
  2 centaurs (D:6)
  A scorpion (D:6)
  A centaur zombie (D:6)
  2 crimson imps (D:5)
  A jelly (D:7)
  2 bullfrog zombies (D:6)
  4 orc wizards
  3 orc priests
  A hound (D:5)
  Crazy Yiuf (D:4)
  4 iguanas
  4 worker ants
  A hound skeleton (D:5)
  A howler monkey zombie (D:6)
  11 river rats (Sewer)
  7 adders
  An ooze (Sewer)
  An adder skeleton (D:6)
  5 worms
  A dart slug (D:1)
  6 leopard geckos
  22 orcs
  5 giant cockroaches
  7 goblins
  9 hobgoblins
  6 jackals (D:6)
  22 kobolds
  A quokka (D:4)
  4 ball pythons
  6 bats
  8 frilled lizards
  A jackal zombie (D:4)
  A leopard gecko skeleton (D:4)
  2 quokka zombies
  20 rats
182 creatures vanquished.

Vanquished Creatures (others)
  A kobold (D:3)
  2 frilled lizards (D:3)
  5 toadstools (D:1)
8 creatures vanquished.

Grand Total: 190 creatures vanquished

Notes
Turn   | Place    | Note
-------+----------+-------------------------------------------
     0 | D:1      | Mesmaeker13 the Octopode Fire Elementalist began the quest for the Orb.
     0 | D:1      | Reached XP level 1. HP: 11/11 MP: 3/3
   571 | D:1      | Reached XP level 2. HP: 12/17 MP: 1/5
   939 | D:2      | Learned a level 2 spell: Throw Flame
   958 | D:2      | Found a shadowy altar of Dithmenos.
   958 | D:2      | Found a sparkling altar of Nemelex Xobeh.
   968 | D:2      | Found an opulent altar of Gozag.
  1074 | D:2      | Reached XP level 3. HP: 21/21 MP: 0/6
  1206 | D:2      | Reached XP level 4. HP: 23/27 MP: 1/7
  1527 | D:3      | Learned a level 3 spell: Conjure Flame
  1786 | D:3      | Found a white marble altar of Elyvilon.
  2020 | D:3      | Found a bloodstained altar of Trog.
  2146 | D:3      | Reached XP level 5. HP: 20/31 MP: 3/8
  2353 | D:4      | Found a sacrificial altar of Ru.
  2387 | D:4      | Found a stormy altar of Qazlal.
  2405 | D:4      | HP: 1/31 [orc wizard/magic dart (8)]
  2647 | D:4      | Reached XP level 6. HP: 33/36 MP: 4/9
  2977 | D:4      | Noticed Eustachio
  2990 | D:4      | Killed Eustachio
  2990 | D:4      | Reached skill level 5 in Fire Magic
  2990 | D:4      | Reached XP level 7. HP: 41/41 MP: 7/10
  3010 | D:4      | Noticed Sigmund
  3026 | D:4      | Killed Sigmund
  3322 | D:4      | Found a runed door.
  3326 | D:4      | Noticed Crazy Yiuf
  3332 | D:4      | Killed Crazy Yiuf
  3372 | D:4      | Learned a level 4 spell: Sticky Flame
  3373 | D:5      | Entered Level 5 of the Dungeon
  3384 | D:5      | Found Bigorur's Assorted Antiques.
  3446 | D:5      | Found a glowing drain.
  3478 | Sewer    | Entered a sewer
  3564 | Sewer    | Reached skill level 5 in Dodging
  5093 | D:5      | Reached skill level 5 in Conjurations
  5093 | D:5      | Reached XP level 8. HP: 30/46 MP: 3/11
  5094 | D:5      | Noticed Drak's ghost (amateur DsVM)
  5801 | D:5      | Killed Drak's ghost
  5801 | D:5      | Reached skill level 1 in Shields
  6787 | D:6      | Found a shimmering altar of Xom.
  6787 | D:6      | Found a shimmering altar of Xom.
  7221 | D:6      | Reached XP level 9. HP: 51/51 MP: 4/12
  8267 | D:7      | Found Apiuly's Book Shop.
  8275 | D:7      | Got a fine granite ring
  8278 | D:7      | Identified the ring of Cauptats {+Fly rC+} (You found it on level 7 of the Dungeon)
  8313 | D:7      | Noticed inc's ghost (novice GnWz)
  8335 | D:7      | Noticed Joseph
  8341 | D:7      | Shot with a sling bullet by Joseph

Skill      XL: |  1  2  3  4  5  6  7  8  9 |
---------------+----------------------------+-----
Conjurations   | 2 3 4 5 6 7 |  7.0
Dodging        | 3 4 5 |  5.5
Fire Magic     | 4 5 7 |  7.6
Shields        | 3 4 |  4.2
Stealth        | |  2.6
Spellcasting   | |  2.0

Action                   |  1- 3 |  4- 6 |  7- 9 || total
-------------------------+-------+-------+-------++-------
Melee: Unarmed           |     5 |       |       ||     5
       Constrict         |     2 |     2 |     7 ||    11
       Dagger            |     8 |     1 |       ||     9
       Short sword       |       |    14 |    16 ||    30
       Tentacles         |       |     1 |     2 ||     3
       Quarterstaff      |       |       |    17 ||    17
 Cast: Flame Tongue      |    32 |    81 |   170 ||   283
       Throw Flame       |     3 |    25 |    67 ||    95
       Sticky Flame      |       |       |     4 ||     4
Evoke: Wand              |       |     3 |     5 ||     8
  Use: Scroll            |     2 |     4 |     3 ||     9
       Potion            |       |     1 |     1 ||     2
 Stab: Sleeping          |     2 |     3 |     1 ||     6
  Eat: Chunk             |     1 |     8 |    16 ||    25
       Ration            |       |       |     2 ||     2
Armor: Skin              |       |     2 |     5 ||     7
Dodge: Dodged            |    18 |    38 |    63 ||   119
Block: Buckler           |       |       |    10 ||    10
